AoeStats
← HawkoSVK

Arabia

508239183Analyzed
1v1 RM · 12d ago on Sep 21, 2026· 55m 14s· 2 players
Game mode
Random Map
Map size
Tiny (2 player)
Population
200
Speed
Normal
Resources
Standard
Victory
Conquest
Starting age
Dark Age
Ending age
Imperial Age
RankedLock teamsTeams togetherTeam positionsShared explorationLock speedFull tech treeHidden civsTurbo modeCheats
Victory
Defeat
🇨🇴 Poles · Colombia
933
+17
🇸🇰 Huns · Slovakia
950
-17
jhgomez13
7:51 Loom
10:52 Feudal Age
17:10 Fletching
21:17 Castle Age
19:57 Double-Bit Axe
20:29 Forging
22:17 Bodkin Arrow
22:40 Bloodlines
22:19 Pikeman
25:04 Bow Saw
25:48 Husbandry
26:01 Scale Barding Armor
34:02 Chain Barding Armor
41:40 Imperial Age
39:08 Horse Collar
39:23 Gold Mining
39:22 Town Watch
39:30 Stone Mining
40:50 Iron Casting
40:58 Scale Mail Armor
43:53 Blast Furnace
45:46 Cavalier
49:24 Heavy Plow
50:04 Stone Shaft Mining
49:49 Chain Mail Armor
HawkoSVK
9:47 Feudal Age
16:01 Castle Age
14:17 Double-Bit Axe
16:03 Fletching
17:41 Horse Collar
18:00 Gold Mining
18:25 Padded Archer Armor
19:47 Loom
20:10 Thumb Ring
23:16 Ballistics
25:48 Husbandry
25:59 Bloodlines
28:26 Light Cavalry
29:33 Leather Archer Armor
31:57 Bodkin Arrow
32:17 Masonry
38:52 Wheelbarrow
39:06 Murder Holes
48:40 Imperial Age
Connection lost

Rejoining the realm…

Still unreachable

The connection could not be restored.

Session expired

The server has moved on; the page needs a fresh start.